 Dungeon Crawl Stone Soup version 0.18.1-48-g4cf74bf (webtiles) character file.

8505 rjaguar3 the Basher (level 11, -1/150 (153) HPs)
             Began as a Minotaur Berserker on July 2, 2016.
             Was a High Priest of Trog.
             Slain by a death yak (23 damage)
             ... led by a torpor snail
             ... on level 2 of the Lair of Beasts on July 3, 2016.
             The game lasted 00:37:34 (10150 turns).

rjaguar3 the Basher (Minotaur Berserker)           Turns: 10150, Time: 00:37:34

HP:   -1/150 (153)  AC: 11    Str: 26    XL:     11   Next: 10%
MP:   10/10         EV: 19    Int:  4    God:    Trog [*****.]
Gold: 222           SH:  0    Dex: 18    Spells: 0 memorised, 10 levels left

rFire  . . .     SeeInvis .     d - +1 whip "Vuny" {pain, Dex+4} (curse)
rCold  . . .     Gourm    .     D - +3 ring mail
rNeg   . . .     Faith    .     (no shield)
rPois  +         Spirit   .     (helmet restricted)
rElec  .         Dismiss  +     (no cloak)
rCorr  .         Reflect  .     (no gloves)
SustAt .         Harm     .     B - +0 pair of boots
MR     +....                    C - amulet of dismissal
Stlth  ..........               b - ring of poison resistance
                                N - ring of protection from magic (curse)

@: berserking, very quick, somewhat resistant to hostile enchantments, extremely
unstealthy
A: retaliatory headbutt, horns 2
a: Berserk, Trog's Hand, Brothers in Arms, Burn Spellbooks, Renounce Religion


You were on level 2 of the Lair of Beasts.
You worshipped Trog.
Trog was extremely pleased with you.
You were hungry.

You visited 2 branches of the dungeon, and saw 11 of its levels.

You collected 482 gold pieces.
You spent 260 gold pieces at shops.

Inventory:

Hand Weapons
 a - a +0 mace
 d - the cursed +1 whip "Vuny" (weapon) {pain, Dex+4}
   (You found it on level 6 of the Dungeon)

   In the hands of one skilled in necromantic magic, it inflicts extra damage on
   living creatures.
   It affects your dexterity (+4).
   It has a curse placed upon it.
 i - a cursed +1 flail
 n - a +1 trident
 p - a cursed +3 war axe
 r - a +0 hunting sling
 z - a +3 dagger
 A - a +2 hunting sling of freezing
 K - a +0 rapier of speed
 R - a +2 whip of flaming
Missiles
 h - 3 tomahawks of dispersal
 k - 191 stones
 I - 2 tomahawks (quivered)
Armour
 B - a +0 pair of boots (worn)
 D - a +3 ring mail (worn)
 H - a +2 robe
 P - a +1 leather armour of cold resistance
 Q - a cursed -2 robe
Jewellery
 b - a ring of poison resistance (right hand)
 y - an uncursed ring of protection from fire
 C - an amulet of dismissal (around neck)
 N - a cursed ring of protection from magic (left hand)
Wands
 m - a wand of iceblast (4/15)
 u - a wand of lightning (8/15)
 J - a wand of paralysis (8/24)
 L - a wand of paralysis (3/24)
 O - a wand of teleportation (3/9)
 S - a wand of iceblast (3/15)
 V - a wand of lightning (10/15)
 W - a wand of iceblast (7/15)
Scrolls
 e - 5 scrolls of identify
 g - a scroll of fear
 j - 6 scrolls of remove curse
 q - 2 scrolls of recharging
 E - 3 scrolls of enchant armour
 G - a scroll of teleportation
 M - a scroll of magic mapping {unknown}
Potions
 f - 2 potions of brilliance
 l - a potion of cure mutation {unknown}
 o - 3 potions of heal wounds {unknown}
 s - 2 potions of flight
 w - 2 potions of curing {unknown}
 x - 3 potions of haste
 F - a potion of cancellation {unknown}
 U - a potion of might {unknown}
Comestibles
 c - 3 bread rations
 t - 5 meat rations
 v - a royal jelly
 T - a beef jerky


   Skills:
 + Level 11.4 Fighting
 + Level 11.7 Maces & Flails
 + Level 8.0 Armour
 + Level 10.2 Dodging
 + Level 0.5 Evocations


You had 10 spell levels left.
You didn't know any spells.

Dungeon Overview and Level Annotations

Branches:
Dungeon (9/15)             Temple (0/1) D:6            Lair (2/8) D:9
    Orc: D:9-12

Altars:
Dithmenos
Gozag
Kikubaaqudgha
Makhleb
Nemelex Xobeh
Okawaru
Sif Muna
Trog
Xom
Zin
The Shining One

Shops:
D:4 [   D:6 *

Annotations:
D:3 Rationalist's ghost, amateur FoFi
D:6 Sigmund
D:9 rjaguar3's ghost, novice MiBe


Innate Abilities, Weirdness & Mutations

You reflexively headbutt those who attack you in melee.
You have a pair of horns on your head.


Message History

Your amulet of dismissal vibrates suddenly!
The sheep disappears!
The death yak gores you!
* * * LOW HITPOINT WARNING * * *
You see here a torpor snail corpse.
There is a stone staircase leading up here.
A red film seems to cover your vision as you go berserk!
You feel yourself moving faster!
You feel mighty!
You are feeling hungry.
The death yak gores you!
* * * LOW HITPOINT WARNING * * *
Unknown command.
You whack the death yak! You headbutt the death yak.
The death yak is lightly wounded.
You whack the death yak!
The death yak is moderately wounded.
You whack the death yak!
You headbutt the death yak, but do no damage.
The death yak is heavily wounded.
The death yak gores you!!
You die...

..P.♣..###..##..#.#
.......###.P##.#<.##
..♣♣...P...#####...#
..........#.####.##.#
...........##.#.## #
.................#
.........P..#.#.##
....†.......##.###
...........P##..@#
............##..Y###
.............##....#
............#......#
...#..#...##......#.#
.........#......#.###
..................#
..#............#..#
.#.....##...##.#..#


You could see a death yak.

Vanquished Creatures
  The ghost of Aquadorian the Bludgeoner, a novice MiFi (D:8)
  A black mamba (Lair:1)
  3 spiny frogs
  A torpor snail (Lair:2)
  A two-headed ogre (D:9)
  4 blink frogs (Lair:2)
  2 yaks (Lair:2)
  A wyvern (D:8)
  2 hippogriffs
  A hungry ghost (D:7)
  Edmund (D:6)
  2 wargs (D:9)
  A water moccasin (Lair:2)
  2 ice beasts
  A black bear (D:8)
  An orc warrior (D:9)
  A phantom (D:8)
  A sky beast (D:6)
  5 ogres
  A necrophage (D:6)
  2 centaurs
  10 big kobolds
  Blork the orc (D:6)
  A gnoll sergeant (D:6)
  6 giant frogs
  A water moccasin zombie (D:8)
  A scorpion (D:4)
  6 killer bees (D:8)
  5 wights (D:6)
  2 giant frog zombies
  A crimson imp (D:5)
  8 orc wizards
  3 jellies
  2 centaur skeletons
  3 orc priests
  A hound (D:5)
  Jessica (D:2)
  3 iguanas
  Natasha (twice) (D:3)
  8 worker ants
  Terence (D:3)
  A hound skeleton (D:7)
  2 howler monkey zombies
  A worker ant zombie (D:5)
  A howler monkey skeleton (D:6)
  6 gnolls
  10 adders
  3 shadow imps
  An adder skeleton (D:3)
  3 worms
  3 dart slugs
  3 giant geckos
  31 orcs
  4 giant cockroaches
  9 goblins
  11 hobgoblins
  6 jackals
  4 quokkas
  3 ball pythons
  6 bats
  A giant gecko skeleton (D:6)
  3 giant newts
  11 kobolds
  10 rats
234 creatures vanquished.

Vanquished Creatures (others)
  3 fungi (Lair:2)
3 creatures vanquished.

Grand Total: 237 creatures vanquished

Notes
Turn   | Place    | Note
--------------------------------------------------------------
     0 | D:1      | rjaguar3 the Minotaur Berserker began the quest for the Orb.
     0 | D:1      | Reached XP level 1. HP: 19/19 MP: 0/0
   314 | D:1      | Reached XP level 2. HP: 26/27 MP: 1/1
   643 | D:1      | Reached ** piety under Trog
   643 | D:1      | Reached XP level 3. HP: 27/34 MP: 2/2
  1261 | D:2      | Noticed Jessica
  1272 | D:2      | Killed Jessica
  1272 | D:2      | Reached skill level 5 in Fighting
  1272 | D:2      | Reached XP level 4. HP: 42/42 MP: 3/3
  1398 | D:2      | Found a faded altar to an unknown god.
  1452 | D:2      | Found a shimmering altar of Xom.
  1452 | D:2      | Found a shimmering altar of Xom.
  1452 | D:2      | Found a shimmering altar of Xom.
  1552 | D:2      | Reached skill level 5 in Maces & Flails
  2066 | D:3      | Noticed Natasha
  2074 | D:2      | Reached XP level 5. HP: 26/48 MP: 4/4
  2280 | D:3      | Found an opulent altar of Gozag.
  2303 | D:3      | Noticed Terence
  2309 | D:3      | Killed Terence
  2397 | D:3      | Killed Natasha
  2397 | D:3      | Reached *** piety under Trog
  2526 | D:3      | Noticed Natasha
  2569 | D:3      | Killed Natasha
  2593 | D:3      | Noticed Rationalist's ghost (amateur FoFi)
  2606 | D:3      | Reached XP level 6. HP: 36/57 MP: 5/5
  2752 | D:4      | Found a sparkling altar of Nemelex Xobeh.
  2857 | D:4      | Found Lestrismo's Antique Armour Boutique.
  3665 | D:5      | Entered Level 5 of the Dungeon
  3870 | D:5      | Reached XP level 7. HP: 50/66 MP: 6/6
  4005 | D:5      | HP: 3/66 [acid (7)]
  4016 | D:5      | Found a glowing silver altar of Zin.
  4810 | D:6      | Found an iron altar of Okawaru.
  4889 | D:6      | Got a brightly glowing whip
  4890 | D:6      | Identified the cursed +1 whip "Vuny" {pain, Dex+4} (You found it on level 6 of the Dungeon)
  4947 | D:6      | Noticed Sigmund
  5001 | D:6      | Reached XP level 8. HP: 34/72 MP: 7/7
  5371 | D:6      | Found an ancient bone altar of Kikubaaqudgha.
  5808 | D:7      | Reached skill level 5 in Dodging
  6120 | D:7      | Found a deep blue altar of Sif Muna.
  6128 | D:7      | Found a burning altar of Makhleb.
  6712 | D:6      | Noticed Edmund
  6723 | D:6      | Killed Edmund
  6723 | D:6      | Reached XP level 9. HP: 81/81 MP: 8/8
  6793 | D:6      | Found a glowing golden altar of the Shining One.
  6851 | D:6      | Found Ewosobon's General Store.
  6924 | D:6      | Bought an uncursed ring of poison resistance for 260 gold pieces
  6948 | D:6      | Found a staircase to the Ecumenical Temple.
  6955 | D:6      | Noticed Blork the orc
  6968 | D:6      | Killed Blork the orc
  7259 | D:8      | Reached **** piety under Trog
  7377 | D:8      | Reached skill level 10 in Maces & Flails
  7493 | D:8      | Noticed a moth of wrath
  7527 | D:8      | Found a bloodstained altar of Trog.
  7621 | D:8      | Reached skill level 10 in Fighting
  7759 | D:8      | Reached skill level 5 in Armour
  7838 | D:8      | Found a shadowy altar of Dithmenos.
  8055 | D:8      | Noticed Aquadorian's ghost (novice MiFi)
  8081 | D:8      | Killed Aquadorian's ghost
  8081 | D:8      | Reached XP level 10. HP: 92/92 MP: 9/9
  9109 | D:9      | Noticed rjaguar3's ghost (novice MiBe)
  9238 | D:9      | Found a staircase to the Lair.
  9247 | Lair:1   | Entered Level 1 of the Lair of Beasts
  9249 | Lair:1   | Noticed a spiny frog
  9258 | Lair:1   | Killed a spiny frog
  9266 | Lair:1   | Noticed a spiny frog
  9275 | Lair:1   | Noticed a black mamba
  9285 | Lair:1   | Killed a spiny frog
  9285 | Lair:1   | Reached ***** piety under Trog
  9292 | Lair:1   | Noticed a spiny frog
  9295 | Lair:1   | Killed a black mamba
  9697 | Lair:2   | Reached skill level 10 in Dodging
  9841 | Lair:2   | Noticed a spiny frog
  9929 | Lair:2   | Reached XP level 11. HP: 100/100 MP: 10/10
 10115 | Lair:2   | Noticed a death yak
 10150 | Lair:2   | Slain by a death yak

Skill      XL: |  1  2  3  4  5  6  7  8  9 10 11 |
---------------+----------------------------------+-----
Fighting       | 4 5 6 7 8 9 10 11 | 11.4
Maces & Flails | 4 5 6 7 8 9 10 11 | 11.7
Dodging        | 3 4 6 8 10 | 10.2
Armour         | 5 7 8 |  8.0
Evocations     | |  0.5

Action                   |  1- 3 |  4- 6 |  7- 9 | 10-12 || total
-------------------------+-------+-------+-------+-------++-------
Melee: Mace              |    58 |    56 |    36 |       ||   150
       Headbutt          |    11 |    25 |   110 |    65 ||   211
       Flail             |     8 |    36 |       |       ||    44
       Whip              |       |       |   308 |   229 ||   537
Throw: Stone             |       |     8 |    31 |     4 ||    43
       Tomahawk          |       |       |       |     2 ||     2
Invok: Berserk           |     2 |     4 |    14 |     2 ||    22
       Trog's Hand       |       |       |     2 |     1 ||     3
Evoke: Wand              |       |       |     4 |       ||     4
  Use: Scroll            |       |     5 |    10 |     3 ||    18
 Stab: Sleeping          |       |       |     1 |       ||     1
  Eat: Chunk             |     2 |     7 |    19 |     6 ||    34
       Meat ration       |       |     1 |     2 |       ||     3
       Pizza             |       |       |       |     1 ||     1
       Beef jerky        |       |       |       |     1 ||     1
Armor: Animal skin       |    14 |    17 |    12 |       ||    43
       Ring mail         |       |       |    39 |    46 ||    85
Dodge: Dodged            |    40 |    63 |   176 |   142 ||   421
